 Dungeon Crawl Stone Soup version 0.30-a0-883-g5ad918d77d (webtiles) character file.

Game seed: 14492429244449563979

1869 Sanktem7 the Cleaver (level 8, -5/73 HPs)
             Began as a Minotaur Fighter on Mar 16, 2023.
             Was an Initiate of Okawaru.
             Splashed by a jelly's acid (6 damage)
             ... on level 6 of the Dungeon.
             The game lasted 00:10:18 (5276 turns).

Sanktem7 the Cleaver (Minotaur Fighter)             Turns: 5276, Time: 00:10:18

Health: -5/73      AC:  0    Str: 26    XL:     8   Next: 90%
Magic:  0/8        EV: 10    Int:  5    God:    Okawaru [......]
Gold:   161        SH:  6    Dex: 10    Spells: 7/7 levels left

rFire   . . .      SeeInvis +    a - +1 war axe {axe}
rCold   . . .      Faith    .    c - +0 buckler
rNeg    . . .      Spirit   +    u - +0 chain mail
rPois   .          Reflect  .    (helmet restricted)
rElec   .          Rampage  .    (no cloak)
rCorr   .                        g - +2 pair of gloves {Str+3}
Will    .....                    (no boots) Stlth
                                 v - amulet of guardian spirit
HPRegen 0.32/turn                o - ring of flight
MPRegen 0.11/turn                t - ring of see invisible

@: heroic, corroded, flying
A: horns 2, retaliatory headbutt
a: Renounce Religion


You were on level 6 of the Dungeon.
You worshipped Okawaru.
Okawaru was noncommittal.
You visited 2 branches of the dungeon, and saw 7 of its levels.
You also visited: Sewer.

You collected 326 gold pieces.
You spent 165 gold pieces at shops.


Innate Abilities, Weirdness & Mutations

You have a pair of horns on your head.
You reflexively headbutt those who attack you in melee.


   Skills:
 + Level 7.1(12.1) Fighting
 * Level 9.0(14.0) Axes
 + Level 7.0(12.0) Armour
 + Level 7.0(12.0) Shields
 + Level 2.0 Invocations


You had 7 spell levels left.
You didn't know any spells.
Your spell library contained the following spells:

 Spells                   Type           Power      Damage    Failure   Level
 Foxfire                  Conj/Fire      0%         2x1d4     95%         1
 Hailstorm                Conj/Ice       0%         3d3       100%        3
 Ice Form                 Ice/Tmut       0%         N/A       100%        4
 Fireball                 Conj/Fire      0%         3d3       100%        5
 Starburst                Conj/Fire      0%         6d3       100%        6
 Simulacrum               Ice/Necr       Unusable   N/A       N/A         6

Inventory:

Hand Weapons
 a - a +1 war axe (weapon) {axe}
 e - a +1 short sword of venom {short}
   (You took it off an orc on level 4 of the Dungeon)
 q - a +0 whip of draining {mace}
   (You took it off a kobold on level 2 of the Dungeon)
 y - a +0 vampiric dagger {short}
   (You took it off an orc wizard on level 6 of the Dungeon)
Missiles
 h - 22 stones (quivered) {throwing}
 w - 3 boomerangs {throwing}
Armour
 c - a +0 buckler (worn)
 g - a +2 pair of gloves of strength (worn)
   (You bought it in a shop on level 4 of the Dungeon)
 u - a +0 chain mail (worn)
   (You found it on level 2 of the Dungeon)
Jewellery
 o - a ring of flight (left hand)
   (You found it on level 2 of the Dungeon)
 s - a ring of protection from fire
   (You found it on level 2 of the Dungeon)
 t - a ring of see invisible (right hand)
   (You found it on level 6 of the Dungeon)
 v - an amulet of guardian spirit (around neck)
   (You found it on level 3 of the Dungeon)
Scrolls
 j - 3 scrolls of identify {@r1}
 k - 2 scrolls of teleportation {@r4}
 l - a scroll of summoning
 n - 2 scrolls of immolation {!r!r}
 x - a scroll of fear {unknown}
 C - a scroll of magic mapping {unknown}
Potions
 b - 6 potions of flight
 d - 2 potions of might
 f - a potion of brilliance
 i - 2 potions of heal wounds {@q2}
 m - 3 potions of attraction {!q}
 p - 3 potions of curing {@q1}
 r - 2 potions of resistance {unknown}
 z - a potion of berserk rage {unknown}
 A - 2 potions of degeneration {!q@e2}
 B - 2 potions of haste {unknown}
 D - a potion of mutation {unknown}

Dungeon Overview and Level Annotations

Branches:
Dungeon (6/15) Zot: 26662  Temple (1/1) D:5 Zot: 5761   Sewer (visited)

Altars:
Cheibriados
Dithmenos
Elyvilon
Fedhas
Gozag
Hepliaklqana
Makhleb
Okawaru
Qazlal
Ru
Sif Muna
Trog
Uskayaw
Vehumet
Wu Jian
Xom
Yredelemnul
The Shining One

Shops:
D:4 *

Annotations:
D:5 1 runed translucent door, cforsyth's ghost, novice BaFi

..~~.#####.....#.....
~≈##......#'####.....
~≈##......#..........
..........#..........
#.........#..........
..........#.....########
#.........#.....# ##...##
#.......>.#.....##J......
#.......[.#.....@JJ......
... ########J......
##...## ###


You could see a jelly and 3 endoplasms.


Message History

You are too injured to fight recklessly!
You are too injured to fight recklessly!
You are too injured to fight recklessly!
You are too injured to fight recklessly!
You are too injured to fight recklessly!
You are too injured to fight recklessly!
You are too injured to fight recklessly!
Unknown command.
You slash the jelly!
Your hands burn!
You headbutt the jelly.
You kill the jelly!
Okawaru accepts your kill.
You can now gain great but temporary skills.
You slash the jelly!
You kill the jelly!
Okawaru accepts your kill.
You slash the jelly! The acid corrodes you!
Your hands burn!
The endoplasm jiggles.
You block the jelly's attack.
The jelly jiggles.
Your Shields skill increases to level 7! 😮 HP[-6]
You take 6 damage, and now have 39/73 hp. 😮 MP[+1]
You slash the endoplasm!
You kill the endoplasm!
Okawaru accepts your kill.
The endoplasm jiggles. 😮 HP[+1]
You barely miss the endoplasm. The endoplasm closely misses you.
You hit the endoplasm. The endoplasm freezes you.
You are frozen. 😮 HP[-1] MP[-1]
You take 1 damage, and now have 39/73 hp.
You lost 1 mp, and now have 3/8 mp.
You hit the endoplasm.
You kill the endoplasm!
Okawaru accepts your kill.
The jelly hits you but does no damage. 😮 HP[+1]
You slash the jelly!
Your hands burn!
You block the jelly's attack. 😮 HP[-1]
You take 1 damage, and now have 39/73 hp.
You slash the jelly!
You kill the jelly!
Okawaru accepts your kill.
You slash the endoplasm!
You kill the endoplasm!
Okawaru accepts your kill. 😮 HP[+1]
You hit the endoplasm but do no damage.
The endoplasm barely misses you. 😮 MP[+1]
You slash the endoplasm!
You kill the endoplasm!
Okawaru accepts your kill.
You slash the endoplasm!
You kill the endoplasm!
Okawaru accepts your kill. 😮 HP[+1]
You hit the jelly but do no damage.
Your hands burn!
You headbutt the jelly!
You kill the jelly!
Okawaru accepts your kill.
Your Axes skill increases to level 9!
Your Armour skill increases to level 7!
Your Invocations skill increases to level 2! 😮 HP[-2] MP[-1]
You take 2 damage, and now have 39/73 hp.
You lost 1 mp, and now have 3/8 mp.
You hit the jelly but do no damage.
Your hands burn!
The jelly barely misses you. 😮 HP[-1] MP[-1]
You take 1 damage, and now have 38/73 hp.
You lost 1 mp, and now have 2/8 mp.
You hit the jelly but do no damage.
Your hands burn!
* * * LOW HITPOINT WARNING * * *
The jelly hits you.
* * * LOW HITPOINT WARNING * * *
You are splashed with acid!
* * * LOW HITPOINT WARNING * * *
😨 HP[-16]
You take 16 damage, and now have 22/73 hp.
MASSIVE DAMAGE!! (PAUSE)
You gain the combat prowess of a mighty hero.
You can no longer gain great but temporary skills.
The jelly hits you but does no damage. 😨 MP[-2]
You lost 2 mp, and now have 0/8 mp.
You hit the jelly. The acid corrodes you!
Your hands burn!
* * * LOW HITPOINT WARNING * * *
You headbutt the jelly. The jelly hits you.
* * * LOW HITPOINT WARNING * * *
The acid corrodes you!
You are splashed with acid!
* * * LOW HITPOINT WARNING * * *
😱 HP[-14]
You take 14 damage, and now have 8/73 hp.
You hit the jelly but do no damage.
Your hands burn!
* * * LOW HITPOINT WARNING * * *
The jelly hits you.
* * * LOW HITPOINT WARNING * * *
You are splashed with acid.
You die...

Skill      XL: |  1  2  3  4  5  6  7  8 |
---------------+-------------------------+-----
Axes           | 3 4 5 6 7 9 |  9.0
Shields        | 4 5 6 7 |  7.0
Fighting       | 4 5 6 7 |  7.1
Armour         | 4 5 6 7 |  7.0
Invocations    | 2 |  2.0

Action                     |  1- 3 |  4- 6 |  7- 9 || total
---------------------------+-------+-------+-------++-------
  Melee: War axe           |    84 |   107 |   198 ||   389
         Headbutt          |     9 |    18 |    35 ||    62
 Invoke: Heroism           |       |       |     1 ||     1
    Use: Potion            |     5 |       |       ||     5
         Scroll            |       |     9 |       ||     9
 Armour: Scale mail        |    40 |    17 |       ||    57
         Chain mail        |       |    61 |    99 ||   160
  Dodge: Dodged            |    46 |    53 |    57 ||   156
  Block: Buckler           |    14 |    26 |    54 ||    94

Levels and vault maps discovered:
D:1:      dpeg_arrival_water_altar, layout_basic, nicolae_titane
D:2:      layout_loops_cross, nrook_uturn, chequers_serial_rivers_micro_b,
          uniq_natasha, uniq_robin
D:3:      layout_basic, grunt_dithmenos_smoke_and_mirrors,
          gammafunk_temple_overflow_wave, uniq_ijyb
D:4:      layout_basic, serial_shops, nicolae_shop_competitors_out_of_business,
          chequers_decorated_corner
D:5:      layout_rooms, temple_fountains, gammafunk_ghost_grave
D:6:      lemuel_slime, layout_gridville, mainiacjoe_overflow_tiny_flanked,
          cheibrodos_sewer_entry_sluice, hangedman_minor_gate_pass
Temple:   eino_temple_water

Notes
Turn   | Place    | Note
-------+----------+-------------------------------------------
     0 | D:1      | Sanktem7 the Minotaur Fighter began the quest for the Orb.
     0 | D:1      | Reached XP level 1. HP: 19/19 MP: 0/0
     0 | D:1      | magus.rc [v1.9.6]
   147 | D:1      | Reached XP level 2. HP: 23/27 MP: 1/1
   295 | D:1      | Reached skill level 3 in Axes
   566 | D:1      | Reached skill level 4 in Shields
   617 | D:1      | Reached skill level 4 in Fighting
   617 | D:1      | Reached XP level 3. HP: 33/33 MP: 2/2
   628 | D:1      | Reached skill level 4 in Armour
   912 | D:1      | Found a radiant altar of Vehumet.
  1112 | D:2      | Noticed Robin
  1124 | D:2      | Killed Robin
  1439 | D:2      | Reached XP level 4. HP: 39/40 MP: 3/3
  1526 | D:2      | Noticed Natasha
  1531 | D:2      | Killed Natasha
  1532 | D:2      | Reached skill level 4 in Axes
  1693 | D:2      | Noticed Natasha
  1699 | D:2      | Killed Natasha
  1773 | D:2      | Reached XP level 5. HP: 47/47 MP: 4/4
  1790 | D:2      | You pick up a book of Fire and begin reading...
  1790 | D:2      | You add the spells Foxfire, Fireball and Starburst to your
                  | library.
  1814 | D:2      | Noticed Natasha
  1819 | D:2      | Killed Natasha
  2074 | D:3      | You pick up a book of Fire and begin reading...
  2190 | D:3      | Noticed a black bear
  2203 | D:3      | Killed a black bear
  2204 | D:3      | Reached skill level 5 in Fighting
  2204 | D:3      | Reached skill level 5 in Axes
  2204 | D:3      | Reached XP level 6. HP: 18/56 MP: 5/5
  2216 | D:3      | HP: 9/56 [something/magic dart (7)]
  2220 | D:3      | Reached skill level 5 in Shields
  2418 | D:3      | Found a shadowy altar of Dithmenos.
  2479 | D:3      | Noticed Ijyb
  2483 | D:3      | Killed Ijyb
  2484 | D:3      | Reached skill level 5 in Armour
  2741 | D:3      | Found a shimmering blue altar of Sif Muna.
  2742 | D:3      | Found a shimmering altar of Xom.
  2877 | D:4      | Found Hutyn's General Store.
  2896 | D:4      | Reached skill level 6 in Axes
  2910 | D:4      | Bought a +0 pair of gloves of strength for 115 gold pieces
  2910 | D:4      | Bought a potion of heal wounds for 50 gold pieces
  2997 | D:4      | Reached XP level 7. HP: 36/61 MP: 4/6
  3815 | D:5      | Entered Level 5 of the Dungeon
  3881 | D:5      | Reached skill level 6 in Fighting
  3881 | D:5      | Reached skill level 7 in Axes
  3909 | D:5      | Reached skill level 6 in Armour
  3909 | D:5      | Reached skill level 6 in Shields
  3967 | D:5      | Reached XP level 8. HP: 70/70 MP: 7/7
  3981 | D:5      | Found a runed translucent door.
  3981 | D:5      | Noticed cforsyth's ghost (novice BaFi)
  4016 | D:5      | You pick up a book of the Tundra and begin reading...
  4016 | D:5      | You add the spells Hailstorm, Ice Form and Simulacrum to
                  | your library.
  4152 | D:5      | Found a staircase to the Ecumenical Temple.
  4168 | Temple   | Entered the Ecumenical Temple
  4395 | Temple   | Became a worshipper of Warmaster Okawaru
  4497 | D:6      | Found an ornate altar of the Wu Jian Council.
  4610 | D:6      | Reached skill level 8 in Axes
  4740 | D:6      | Found a glowing drain.
  4775 | Sewer    | Entered a sewer
  4830 | Sewer    | Reached skill level 1 in Invocations
  5249 | D:6      | Noticed a slime creature
  5258 | D:6      | Killed a slime creature
  5259 | D:6      | Reached skill level 7 in Fighting
  5259 | D:6      | Reached * piety under Okawaru
  5260 | D:6      | Reached skill level 7 in Shields
  5272 | D:6      | Reached skill level 9 in Axes
  5272 | D:6      | Reached skill level 7 in Armour
  5272 | D:6      | Reached skill level 2 in Invocations
  5275 | D:6      | HP: 17/73 [acid (5)]
  5275 | D:6      | HP: 8/73 [acid (8)]
  5276 | D:6      | HP: 3/73 [acid (5)]
  5276 | D:6      | HP: 1/73 [jelly (2)]
  5276 | D:6      | Splashed by a jelly's acid

Vanquished Creatures
  A slime creature (D:6)
  3 black bears
  2 ice beasts (D:5)
  A phantom (D:5)
  A bullfrog (D:6)
  3 scorpions
  A hound (D:5)
  5 jellies (D:6)
  3 orc priests
  Ijyb (D:3)
  Natasha (thrice) (D:2)
  2 iguanas (D:5)
  4 orc wizards
  Robin (D:2)
  4 gnolls (D:3)
  14 adders
  4 river rats (Sewer)
  An ufetubus (D:6)
  8 worms
  3 dart slugs
  9 orcs
  12 ball pythons
  24 endoplasms
  5 giant cockroaches
  6 goblins
  8 hobgoblins
  14 jackals
  7 quokkas
  13 bats
  9 frilled lizards
  13 kobolds
  2 rats
187 creatures vanquished.

Vanquished Creatures (others)
  8 fungi (D:6)
8 creatures vanquished.

Grand Total: 195 creatures vanquished

Table legend:
 A = Non-vault XP
 B = Vault XP
 C = Vault XP percentage of total XP
 D = Non-vault monster count
 E = Vault monster count
 F = Vault count percentage of total count
                 A         B        C        D         E       F
            +---------+---------+-------+---------+---------+-------
      Total |    1919 |     752 |  28.2 |     124 |      63 |  33.7
            +---------+---------+-------+---------+---------+-------
        D:1 |      45 |       0 |   0.0 |      25 |       0 |   0.0
        D:2 |     126 |      64 |  33.7 |      24 |       8 |  25.0
        D:3 |     264 |      39 |  12.9 |      26 |       1 |   3.7
        D:4 |     522 |       0 |   0.0 |      28 |       0 |   0.0
        D:5 |     682 |       0 |   0.0 |      13 |       0 |   0.0
        D:6 |     280 |     456 |  62.0 |       8 |      18 |  69.2
      Sewer |       0 |     193 | 100.0 |       0 |      36 | 100.0
            +---------+---------+-------+---------+---------+-------

Illustrated notes

Table legend:
 A = Kills in this place as a percentage of kills in the entire game.
 B = Kills by you in this place as a percentage of kills by you in the entire game.
 C = Kills by friends in this place as a percentage of kills by friends in the entire game.
 D = Other kills in this place as a percentage of other kills in the entire game.
 E = Experience gained in this place as a percentage of experience gained in the entire game.
 F = Experience gained in this place divided by the number of levels of this place that you have seen.
                   A       B       C       D       E      F
               +-------+-------+-------+-------+-------+----------------------
         Total | 100.0 | 100.0 |   N/A |   N/A | 100.0 | 333.9
       Dungeon |  80.7 |  80.7 |   N/A |   N/A |  92.8 | 413.0
         Sewer |  19.3 |  19.3 |   N/A |   N/A |   7.2 | 193.0
               +-------+-------+-------+-------+-------+----------------------

Table legend: (Time is in decaauts)
 A = Elapsed time spent in this place.
 B = Non-inter-level travel time spent in this place.
 C = Inter-level travel time spent in this place.
 D = Time resting spent in this place.
 E = Time spent auto-exploring this place.
 F = Levels seen in this place.
 G = Mean time per level.
                   A        B        C        D        E       F      G
               +--------+--------+--------+--------+--------+-----+--------+
         Total |   5372 |   5210 |    162 |    131 |   3742 |   8 |  671.5 |
       Dungeon |   4682 |   4520 |    162 |    131 |   3248 |   6 |  780.3 |
        Temple |    238 |    238 |      0 |      0 |    215 |   1 |  238.0 |
         Sewer |    451 |    451 |      0 |      0 |    279 |   1 |  451.0 |
               +--------+--------+--------+--------+--------+-----+--------+

Top non-repeatable levels by time:
     D:1: 1191 daAuts
     D:4: 954 daAuts
     D:2: 926 daAuts
     D:3: 819 daAuts
   Sewer: 451 daAuts
     D:5: 451 daAuts
     D:6: 337 daAuts
  Temple: 238 daAuts
